 Dungeon Crawl Stone Soup version 0.23.2-30-g0e89c35649 (webtiles) character file.

Game seed: 1855330456609421265

13457 doot the Geomancer (level 12, -8/64 HPs)
             Began as a Gargoyle Earth Elementalist on June 18, 2019.
             Was an Elder of Vehumet.
             Mangled by Urug
             ... wielding a +0 great mace of holy wrath
              (19 damage)
             ... on level 10 of the Dungeon.
             The game lasted 00:32:24 (15180 turns).

doot the Geomancer (Gargoyle Earth Elementalist)   Turns: 15180, Time: 00:32:25

Health: -8/64      AC: 16    Str: 12    XL:     12   Next: 6%
Magic:  1/27       EV: 13    Int: 21    God:    Vehumet [****..]
Gold:   783        SH:  0    Dex: 10    Spells: 24/33 levels left

rFire    + + .     SeeInvis .   A - +2 short sword (venom)
rCold    + . .     Gourm    .   (no shield)
rNeg     + . .     Faith    .   v - +1 robe {rC+ rF+}
rPois    ∞         Spirit   .   (no helmet)
rElec    +         Reflect  .   (no cloak)
rCorr    .         Harm     .   i - +0 pair of gloves
MR       .....                  k - +0 pair of boots
Stlth    +++.......             (no amulet)
HPRegen  0.20/turn              e - +3 ring of protection
MPRegen  0.20/turn              E - ring of protection from fire

@: no status effects
A: negative energy resistance 1, electricity resistance, unbreathing,
petrification resistance, rot immunity, AC +8
a: Renounce Religion


You were on level 10 of the Dungeon.
You worshipped Vehumet.
Vehumet was greatly pleased with you.
You were near starving.

You visited 2 branches of the dungeon, and saw 12 of its levels.

You collected 783 gold pieces.

Inventory:

Hand Weapons
 f - a +0 short sword
 A - a +2 short sword of venom (weapon)
 F - a +2 quarterstaff of distortion
 G - a +0 club
Missiles
 b - 127 stones (quivered)
 O - a throwing net
Armour
 c - a +0 robe
 i - a +0 pair of gloves (worn)
 k - a +0 pair of boots (worn)
 v - a +1 robe of resistance (worn)
 R - a +2 ring mail of poison resistance
Jewellery
 e - a +3 ring of protection (left hand)
 z - an uncursed ring of stealth
 E - a ring of protection from fire (right hand)
 N - a cursed ring of teleportation {unknown}
Wands
 B - a wand of enslavement (1)
 L - a wand of digging (5)
Scrolls
 a - 5 scrolls of magic mapping
 h - 6 scrolls of amnesia
 j - a scroll of remove curse
 m - a scroll of enchant armour {unknown}
 n - 2 scrolls of immolation {unknown}
 r - 5 scrolls of enchant weapon {unknown}
 t - a scroll of fog {unknown}
 y - 3 scrolls of teleportation
 C - 3 scrolls of noise {unknown}
 H - 2 scrolls of blinking {unknown}
 M - 2 scrolls of fear {unknown}
Potions
 g - 3 potions of haste
 l - a potion of might
 o - 2 potions of flight
 p - 2 potions of curing
 q - 2 potions of berserk rage
 s - a potion of ambrosia {unknown}
 u - 2 potions of invisibility
 w - a potion of heal wounds
 x - 2 potions of brilliance
 D - a potion of mutation {unknown}
 I - 2 potions of resistance {unknown}
 J - a potion of degeneration {unknown}
 K - a potion of lignification {unknown}
Miscellaneous
 Q - a phial of floods
Comestibles
 d - 16 rations


   Skills:
 + Level 3.0 Fighting
 + Level 3.8 Short Blades
 + Level 4.2 Dodging
 + Level 4.8 Stealth
 + Level 11.4 Spellcasting
 + Level 2.6 Conjurations
   Level 0.7 Transmutations
 + Level 14.0 Earth Magic
 + Level 0.1 Evocations


You had 24 spell levels left.
You knew the following spells:

 Your Spells              Type           Power        Failure   Level  Hunger
a - Sandblast             Erth           ######       0%          1    None
b - Stone Arrow           Conj/Erth      #####.       1%          3    None
c - Lee's Rapid Deconstr  Erth           ######....   1%          5    ####...

Your spell library contained the following spells:

 Spells                   Type           Power        Failure   Level  Hunger
 Irradiate                Conj/Tmut      ###.......   21%         5    ####...
 Passwall                 Tmut/Erth      #####...     1%          2    None
 Petrify                  Tmut/Erth      #####...     2%          4    #......


Dungeon Overview and Level Annotations

Branches:
Dungeon (11/15)            Temple (1/1) D:5            Lair (0/6) D:10
    Orc: D:9-12

Altars:
Ashenzari
Cheibriados
Dithmenos
Elyvilon
Fedhas
Gozag
Hepliaklqana
Kikubaaqudgha
Makhleb
Nemelex Xobeh
Okawaru
Qazlal
Ru
Sif Muna
Trog
Uskayaw
Vehumet
Wu Jian
Xom
Yredelemnul
Zin
The Shining One

Annotations:
D:5 3 runed translucent doors, DKeggars's ghost, novice MiFi
D:10 Urug


Innate Abilities, Weirdness & Mutations

You are resistant to torment.
Your stone body is resilient. (AC +8)
You are immune to poison.
You resist negative energy. (rN+)
You are resistant to electric shocks. (rElec)
You can survive without breathing.
You are immune to petrification.
You are immune to rotting.


Message History

You are near starving!
Casting: Lee's Rapid Deconstruction (safe; 1% risk of failure)
Confirm with . or Enter, or press ? or * to list all spells.
Aiming: Lee's Rapid Deconstruction (safe; 1% risk of failure)
Press: ? - help, Dir - move target cursor A rock wall.
The wall shatters!
The blast of rock fragments hits Urug!
Urug is almost dead.
Urug hits you with a +0 great mace of holy wrath!
* * * LOW HITPOINT WARNING * * *
Unknown command.
Casting: Lee's Rapid Deconstruction (safe; 1% risk of failure)
Confirm with . or Enter, or press ? or * to list all spells.
Aiming: Lee's Rapid Deconstruction (safe; 1% risk of failure)
Press: ? - help, Dir - move target cursor A rock wall.
The wall shatters!
The blast of rock fragments hits Urug.
Urug is almost dead.
Urug hits you with a +0 great mace of holy wrath!!
You die...

.................................
#######......>...................
#..#######................. #..#
#................. #..#
#.................
#######(.#######.....>...........
(................................
.................######...######.
#######..#####..@# #...# #. #..#
#..o# #...# #. #..# #...# #...#
#. #..#####...# #...######.
#######(.........######..........
.................................
#......................##########
#.###########..#######.#
#.########.....#######.##########


You could see Urug.

Vanquished Creatures
  Snorg (D:9)
  A hydra (D:11)
  A centaur warrior (D:10)
  4 two-headed ogres
  Nergalle (D:9)
  Pikel (D:7)
  Joseph (D:7)
  A troll (D:10)
  A queen bee (D:8)
  A harpy skeleton (D:10)
  2 hippogriffs
  Grum (D:10)
  Menkaure (D:5)
  5 orc warriors
  5 sky beasts
  An eye of draining (D:10)
  3 slaves (D:7)
  A black bear (D:10)
  4 wolves
  A necrophage (D:5)
  6 ogres
  A centaur (D:9)
  3 big kobolds
  3 bullfrogs
  A wyvern skeleton (D:10)
  4 scorpions
  18 killer bees
  4 howler monkeys
  5 wights (D:7)
  12 crimson imps
  A bullfrog zombie (D:9)
  A centaur zombie (D:7)
  A quasit (D:9)
  2 jellies
  8 orc priests
  8 hounds
  4 bullfrog skeletons
  17 orc wizards
  An iguana (D:9)
  Natasha (thrice) (D:3)
  6 worker ants
  2 hound skeletons
  3 worker ant zombies
  13 adders
  7 gnolls
  3 shadow imps
  3 oozes
  2 adder zombies (D:7)
  2 adder skeletons
  7 worms
  2 dart slugs
  5 leopard geckos
  39 orcs
  7 bats
  5 giant cockroaches
  9 goblins
  6 hobgoblins (D:2)
  4 jackals (D:7)
  16 kobolds
  6 quokkas
  A ball python (D:5)
  2 frilled lizards
  3 leopard gecko skeletons
  4 rats
297 creatures vanquished.

Vanquished Creatures (others)
  2 orcs (D:7)
2 creatures vanquished.

Grand Total: 299 creatures vanquished

Notes
Turn   | Place    | Note
-------+----------+-------------------------------------------
     0 | D:1      | doot the Gargoyle Earth Elementalist began the quest for
                  | the Orb.
     0 | D:1      | Reached XP level 1. HP: 10/10 MP: 3/3
   504 | D:1      | Reached skill level 4 in Earth Magic
   505 | D:1      | Reached XP level 2. HP: 15/15 MP: 1/5
  1460 | D:2      | Reached XP level 3. HP: 19/19 MP: 2/6
  1465 | D:2      | Learned a level 3 spell: Stone Arrow
  1598 | D:2      | Reached XP level 4. HP: 24/24 MP: 6/8
  1725 | D:2      | Reached skill level 5 in Earth Magic
  1916 | D:2      | Found a faded altar of an unknown god.
  2289 | D:2      | Found a shadowy altar of Dithmenos.
  2666 | D:2      | Reached XP level 5. HP: 26/28 MP: 5/9
  2745 | D:2      | Learned a level 5 spell: Lee's Rapid Deconstruction
  3730 | D:3      | Noticed Natasha
  3746 | D:3      | Killed Natasha
  3843 | D:3      | Noticed Natasha
  3849 | D:3      | Killed Natasha
  4042 | D:3      | Reached XP level 6. HP: 32/32 MP: 1/11
  4161 | D:3      | Noticed Natasha
  4247 | D:3      | Killed Natasha
  4516 | D:3      | Found a sparkling altar of Nemelex Xobeh.
  4764 | D:4      | Reached skill level 6 in Earth Magic
  4769 | D:4      | Found a deep blue altar of Sif Muna.
  5001 | D:4      | Reached XP level 7. HP: 34/36 MP: 10/14
  5033 | D:4      | Reached skill level 7 in Earth Magic
  5187 | D:4      | Reached skill level 5 in Spellcasting
  5640 | D:4      | Reached skill level 1 in Conjurations
  5804 | D:5      | Entered Level 5 of the Dungeon
  5808 | D:5      | Noticed Menkaure
  5813 | D:5      | Killed Menkaure
  5917 | D:5      | Reached XP level 8. HP: 39/41 MP: 5/16
  5936 | D:5      | Reached skill level 8 in Earth Magic
  6061 | D:5      | Found a staircase to the Ecumenical Temple.
  6073 | Temple   | Entered the Ecumenical Temple
  6148 | Temple   | Became a worshipper of Vehumet
  6308 | D:5      | Found a sacrificial altar of Ru.
  6828 | D:5      | Found a runed translucent gate.
  6829 | D:5      | Found a runed translucent gate.
  6831 | D:5      | Found a runed translucent gate.
  6832 | D:5      | Noticed DKeggars's ghost (novice MiFi)
  6898 | D:5      | Reached skill level 9 in Earth Magic
  7174 | D:6      | Found a shimmering altar of Xom.
  7269 | D:6      | Reached XP level 9. HP: 29/45 MP: 14/19
  7731 | D:7      | Noticed Joseph
  7745 | D:7      | Reached skill level 1 in Fighting
  7750 | D:7      | Killed Joseph
  7750 | D:7      | Reached skill level 1 in Short Blades
  7750 | D:7      | Reached skill level 10 in Earth Magic
  7945 | D:7      | Reached * piety under Vehumet
  7945 | D:7      | Offered knowledge of Sting by Vehumet.
  8140 | D:7      | Found a sparkling altar of Nemelex Xobeh.
  8140 | D:7      | Noticed Pikel
  8143 | D:7      | Killed Pikel
  9165 | D:8      | Reached XP level 10. HP: 53/53 MP: 19/22
  9212 | D:8      | Reached skill level 11 in Earth Magic
  9251 | D:8      | Found a hazy altar of Hepliaklqana.
  9574 | D:8      | Reached ** piety under Vehumet
  9741 | D:8      | Offered knowledge of Throw Flame by Vehumet.
 10313 | D:8      | Noticed a two-headed ogre
 10316 | D:8      | Killed a two-headed ogre
 10475 | D:8      | Offered knowledge of Searing Ray by Vehumet.
 10869 | D:8      | Found a glowing golden altar of the Shining One.
 11092 | D:9      | Noticed a two-headed ogre
 11099 | D:9      | Killed a two-headed ogre
 11099 | D:9      | Reached skill level 12 in Earth Magic
 11299 | D:9      | Reached XP level 11. HP: 54/57 MP: 19/24
 11303 | D:9      | Reached *** piety under Vehumet
 11303 | D:9      | Reached skill level 10 in Spellcasting
 11653 | D:9      | Found a snail-covered altar of Cheibriados.
 11654 | D:9      | Found an opulent altar of Gozag.
 11662 | D:9      | Found a hide-covered altar of Uskayaw.
 12260 | D:10     | Entered Level 10 of the Dungeon
 12268 | D:10     | Noticed a centaur warrior
 12279 | D:9      | Offered knowledge of Force Lance by Vehumet.
 12325 | D:10     | Noticed Nergalle
 12329 | D:10     | Killed a centaur warrior
 12335 | D:10     | Noticed a two-headed ogre
 12657 | D:9      | Killed a two-headed ogre
 13046 | D:9      | Killed Nergalle
 13170 | D:10     | Reached skill level 13 in Earth Magic
 13351 | D:10     | Noticed Grum
 13769 | D:10     | Killed Grum
 13863 | D:10     | Noticed Snorg
 13903 | D:9      | Killed Snorg
 14160 | D:10     | Found a stormy altar of Qazlal.
 14283 | D:10     | Reached **** piety under Vehumet
 14626 | D:10     | Found a staircase to the Lair.
 14948 | D:11     | Noticed a two-headed ogre
 14954 | D:11     | Killed a two-headed ogre
 14954 | D:11     | Noticed a four-headed hydra
 14964 | D:11     | Noticed Urug
 15107 | D:11     | Killed a four-headed hydra
 15107 | D:11     | Offered knowledge of Irradiate by Vehumet.
 15107 | D:11     | Reached skill level 14 in Earth Magic
 15107 | D:11     | Reached XP level 12. HP: 64/64 MP: 12/27
 15180 | D:10     | Mangled by Urug

Skill      XL: |  1  2  3  4  5  6  7  8  9 10 11 |
---------------+----------------------------------+-----
Earth Magic    | 4 5 6 7 9 10 12 14 | 14.0
Spellcasting   | 3 4 5 7 8 9 11 | 11.4
Dodging        | 2 3 4 |  4.2
Conjurations   | 1 2 |  2.6
Stealth        | 3 4 |  4.8
Fighting       | 1 2 3 |  3.0
Short Blades   | 2 3 |  3.8
Transmutations | |  0.7
Evocations     | |  0.1

Action                   |  1- 3 |  4- 6 |  7- 9 | 10-12 || total
-------------------------+-------+-------+-------+-------++-------
Melee: Short sword       |     1 |     7 |    87 |   152 ||   247
 Cast: Sandblast         |    38 |    71 |    60 |    85 ||   254
       Stone Arrow       |       |    23 |    33 |    20 ||    76
       Lee's Rapid Decon |       |     4 |    23 |    79 ||   106
Evoke: Wand              |       |       |     2 |     2 ||     4
  Use: Scroll            |       |       |       |    11 ||    11
       Potion            |       |       |       |     1 ||     1
 Stab: Sleeping          |       |       |     2 |     1 ||     3
  Eat: Chunk             |     3 |    15 |    15 |    27 ||    60
       Ration            |       |       |     1 |     2 ||     3
Armor: Robe              |    18 |    11 |    58 |   183 ||   270
Dodge: Dodged            |    37 |    20 |    70 |   243 ||   370
